 Dungeon Crawl Stone Soup version 0.28-a0-1567-g1695149f81 (webtiles) character file.

Game seed: 4926364520268319097

77 hashsling the Stinger (level 4, -4/30 HPs)
             Began as a Merfolk Venom Mage on Jan 18, 2022.
             Slain by a hornet zombie (5 damage)
             ... on level 3 of the Dungeon on Jan 19, 2022.
             The game lasted 00:08:28 (2368 turns).

hashsling the Stinger (Merfolk Venom Mage)          Turns: 2368, Time: 00:08:29

Health: -4/30      AC:  8    Str:  8    XL:     4   Next: 34%
Magic:  4/7        EV: 10    Int: 22    God:
Gold:   109        SH:  0    Dex: 14    Spells: 1/7 levels left

rFire   . . .      SeeInvis .   e - +0 spear
rCold   . . .      Faith    .   f - orb {light}
rNeg    . . .      Spirit   .   o - +3 ring mail
rPois   .          Reflect  .   (no helmet)
rElec   .          Harm     .   (no cloak)
rCorr   .          Rampage  .   (no gloves)
Will    .....                   (no boots)
Stlth   +.........              (no amulet)
HPRegen 0.10/turn               b - ring of wizardry
MPRegen 0.10/turn               g - +6 ring of intelligence

@: glowing
A: (nimble swimmer 2), mertail
a: no special abilities


You were on level 3 of the Dungeon.
You visited 1 branch of the dungeon, and saw 3 of its levels.

You collected 109 gold pieces.

Inventory:

Hand Weapons
 e - a +0 spear (weapon)
 h - a +3 falchion
Missiles
 d - 4 poisoned darts
Armour
 a - a +0 robe
 f - an orb of light (worn)
 l - a +0 pair of boots
 o - a +3 ring mail (worn)
Jewellery
 b - a ring of wizardry (left hand)
 g - a +6 ring of intelligence (right hand)
Scrolls
 c - 3 scrolls of fear
 i - a scroll of teleportation {unknown}
 j - a scroll of enchant armour {unknown}
 m - a scroll of identify {unknown}
Potions
 k - a potion of curing
 n - a potion of berserk rage {unknown}


   Skills:
 + Level 2.6 Polearms
 * Level 0.1 Armour
 + Level 3.3 Dodging
 - Level 2.1 Stealth
 * Level 2.4 Spellcasting
 - Level 2.0 Transmutations
 + Level 4.1 Poison Magic


You had one spell level left.
You knew the following spells:

 Your Spells              Type           Power      Damage    Failure   Level
a - Sting                 Tmut/Pois      64%        1d6       4%          1
b - Poisonous Vapours     Pois/Air       22%        N/A       11%         2
c - Mephitic Cloud        Conj/Pois/Air  8%         N/A       26%         3

Your spell library contained the following spells:

 Spells                   Type           Power      Damage    Failure   Level
 Olgreb's Toxic Radiance  Pois           20%        N/A       28%         4


Dungeon Overview and Level Annotations

Branches:
Dungeon (3/15)

Altars:
Hepliaklqana


Innate Abilities, Weirdness & Mutations

((You are very nimble when in or above water. (Stealth+, EV+, Speed+++)))
Your lower body shifts to a powerful aquatic tail in water.


Message History

The hornet zombie is moderately damaged.
The hornet zombie hits you. The hornet zombie closely misses you.
You hit the hornet zombie but do no damage.
The hornet zombie is moderately damaged.
The hornet zombie hits you.
You barely miss the hornet zombie.
The hornet zombie is moderately damaged.
The hornet zombie hits you but does no damage.
You hit the hornet zombie but do no damage.
The hornet zombie is moderately damaged.
The hornet zombie hits you.
* * * LOW HITPOINT WARNING * * *
You hit the hornet zombie.
The hornet zombie is moderately damaged.
The hornet zombie closely misses you.
The hornet zombie hits you but does no damage.
You hit the hornet zombie but do no damage.
The hornet zombie is moderately damaged.
The hornet zombie hits you.
* * * LOW HITPOINT WARNING * * *
You hit the hornet zombie but do no damage.
The hornet zombie is moderately damaged.
The hornet zombie barely misses you. The hornet zombie closely misses you.
You hit the hornet zombie.
The hornet zombie is moderately damaged.
The hornet zombie hits you.
* * * LOW HITPOINT WARNING * * *
It was a potion of curing.
You feel better. The hornet zombie barely misses you.
You hit the hornet zombie.
The hornet zombie is moderately damaged.
The hornet zombie barely misses you.
You hit the hornet zombie.
The hornet zombie is moderately damaged.
The hornet zombie hits you. The hornet zombie hits you!
* * * LOW HITPOINT WARNING * * *
You hit the hornet zombie but do no damage.
The hornet zombie is moderately damaged.
The hornet zombie hits you.
You die...

.# #.# ######..#
....... .....
...##.#..
#........ ##@# #
#.Z# #. #†##
#..##.##
#...<..#
#.....#.#.#
..#..#.......$..
## ##.....#.##
........#


You could see a hornet zombie.

Vanquished Creatures
  2 adders
  A worm (D:2)
  A dart slug (D:1)
  2 ball pythons
  7 bats
  4 endoplasms
  5 giant cockroaches
  5 hobgoblins
  7 jackals
  3 kobolds (D:1)
  3 quokkas
  2 frilled lizards
  3 goblins
  A rat (D:1)
46 creatures vanquished.

Notes
Turn   | Place    | Note
-------+----------+-------------------------------------------
     0 | D:1      | hashsling the Merfolk Venom Mage began the quest for the
                  | Orb.
     0 | D:1      | Reached XP level 1. HP: 13/13 MP: 3/3
   160 | D:1      | Found a faded altar of an unknown god.
   341 | D:1      | Reached XP level 2. HP: 19/19 MP: 3/5
   381 | D:1      | Learned a level 2 spell: Poisonous Vapours
   389 | D:1      | Reached skill level 1 in Polearms
   794 | D:1      | Reached XP level 3. HP: 21/24 MP: 1/6
  1483 | D:2      | Learned a level 3 spell: Mephitic Cloud
  1610 | D:2      | Reached skill level 4 in Poison Magic
  1848 | D:2      | Reached XP level 4. HP: 27/30 MP: 5/7
  1893 | D:2      | Found a hazy altar of Hepliaklqana.
  2332 | D:2      | Upgraded the game from 0.28-a0-1555-g9ae15a6949 to
                  | 0.28-a0-1567-g1695149f81
  2367 | D:3      | HP: 1/30 [hornet zombie (11)]
  2368 | D:3      | Slain by a hornet zombie

Illustrated notes

Levels and vault maps discovered:
D:1:      psy_arrival_radial02, layout_basic,
          shapermc_ecumenical_altar_notcrosses, hangedman_decor_points
D:2:      layout_loops_ring, basic_altar
D:3:      layout_loops_ring, chequers_big_river, bh_walls_and_bars, uniq_robin

Skill      XL: |  1  2  3 |
---------------+----------+-----
Polearms       | 1 2 |  2.6
Dodging        | 3 |  3.3
Transmutations | 2 |  2.0
Poison Magic   | 4 |  4.1
Armour         | |  0.1
Stealth        | |  2.1
Spellcasting   | |  2.4

Action                   |  1- 3 |  4- 6 || total
-------------------------+-------+-------++-------
Melee: Spear             |   100 |    18 ||   118
       Punch             |     1 |       ||     1
 Cast: Sting             |    33 |    12 ||    45
  Use: Scroll            |     1 |       ||     1
       Potion            |       |     1 ||     1
 Stab: Sleeping          |     2 |       ||     2
Armor: Robe              |     9 |       ||     9
       Ring mail         |       |     2 ||     2
Dodge: Dodged            |    52 |    16 ||    68

Table legend: (Time is in decaauts)
 A = Elapsed time spent in this place.
 B = Non-inter-level travel time spent in this place.
 C = Inter-level travel time spent in this place.
 D = Time resting spent in this place.
 E = Time spent auto-exploring this place.
 F = Levels seen in this place.
 G = Mean time per level.
                   A        B        C        D        E       F      G
               +--------+--------+--------+--------+--------+-----+--------+
         Total |   2367 |   2347 |     20 |      0 |   1997 |   3 |  789.0 |
       Dungeon |   2367 |   2347 |     20 |      0 |   1997 |   3 |  789.0 |
               +--------+--------+--------+--------+--------+-----+--------+

Top non-repeatable levels by time:
     D:1: 1193 daAuts
     D:2: 1144 daAuts
     D:3: 29 daAuts
